[Event "UKR-ch Women Final 2018"]
[Site "Kiev"]
[Date "2018.12.20"]
[Round "9"]
[White "Rakhmangulova, Anastasiya"]
[Black "Martynkova, Olena"]
[Result "1-0"]
[ECO "B49"]
[WhiteElo "2233"]
[BlackElo "2173"]
[Annotator "NA"]
[PlyCount "187"]
[EventDate "2018.12.11"]
[EventType "tourn"]
[EventCountry "UKR"]
[SourceTitle "playchess.com"]
[Source "ChessBase"]
[SourceQuality "1"]
[TimeControl "40/5400+30:1800+30"]

1. e4 c5 2. Nf3 e6 3. d4 cxd4 4. Nxd4 Nc6 5. Nc3 Qc7 6. Be3 a6 7. Be2 b5 8. Nxc6 dxc6 9. O-O Nf6 10. f4 Be7 {[%emt 0:03:33] B49: Sicilian: Taimanov: 5 Nc3 Qc7 6 Be3 a6 7 Be2} 11. e5 Nd5 12. Nxd5 cxd5 {[%emt 0:00:13] LiveBook: 13 Games} 13. Qd4 $146 ({Predecessor:} 13. c3 Bd7 14. a3 Rc8 15. Bd4 Bc5 16. Qd2 Bxd4+ 17. cxd4 Qc2 18. Rfd1 Qxd2 19. Rxd2 {½-½ (30) Sokolov,A (2516)-Charnushevich,A (2477) Switzerland 2017}) 13... O-O 14. Bd3 Bd7 15. b4 a5 16. a3 Rfc8 17. Rfb1 Qb7 18. Rb3 Ra6 19. Qb2 axb4 20. axb4 Ra4 21. c3 Bd8 22. Rba3 Bb6 23. Qf2 (23. Bxb6 $11 Qxb6+ 24. Qf2) 23... Bxe3 (23... Rxc3 $5 24. Rxa4 bxa4 25. Bxh7+ Kxh7 26. Bxb6 Kg8 $15) 24. Qxe3 Rca8 25. Rxa4 bxa4 26. Ra3 Bb5 27. Kf2 g6 28. Qd4 (28. Bc2 $15) 28... Bxd3 29. Qxd3 Qb6+ 30. Qe3 $11 {[%emt 0:01:38] was the only way to keep the balance.} Qb5 (30... Qb7 31. g3) 31. Qe2 Qb6+ (31... Qd7 $17) 32. Kg3 h5 33. Qf2 Qb5 34. Qe3 Qf1 35. Qd2 Qc4 36. Kf2 Kg7 37. g3 (37. Qd4 $17 Qa6 38. Qd1) 37... Qb5 38. Qd4 Kg8 39. h3 $1 $11 Rc8 40. Qd1 Ra8 $2 ({Better is} 40... Kg7 $19 41. Kg2 Qc4) 41. g4 $2 h4 (41... hxg4 $19 42. hxg4 Rc8) 42. Qd2 Rc8 43. f5 $1 exf5 44. gxf5 Rc4 45. fxg6 Qb6+ 46. Kf1 Qxg6 47. Rxa4 $2 {[%emt 0:02:28] [#]} (47. Qg2 $11) 47... Qf5+ $2 ({Black should try} 47... Re4 $1 $19 48. e6 Rxe6) 48. Kg1 Rc6 49. Ra8+ Kg7 50. e6 $1 Rxe6 51. Qd4+ Rf6 52. Kh2 Qf2+ 53. Qxf2 Rxf2+ 54. Kg1 Rc2 55. Ra3 Kg6 56. Rb3 Ra2 57. b5 Ra7 58. b6 Rb7 59. Kf2 Kf5 60. Ke3 Ke5 61. Rb5 Kd6 62. Kd4 Kc6 63. Rxd5 Rxb6 64. Rh5 Rb1 65. Rxh4 Rf1 66. Rh6+ f6 $16 67. Rg6 (67. c4 $16) 67... Rf4+ 68. Ke3 Rf1 69. Rg3 Kd5 70. Rf3 Rh1 71. Kf4 Ke6 72. Re3+ Kf7 73. Ke4 Rc1 74. Kd4 f5 75. Ke5 Rf1 76. c4 Rc1 77. Kd4 Kf6 78. c5 Kg5 79. Rc3 Rd1+ 80. Ke3 Rh1 81. Kf2 Rh2+ 82. Kg1 Rd2 83. c6 Rd8 84. c7 Rc8 85. Kg2 Kf4 86. Kf2 Ke4 87. h4 Kd4 88. Rc1 Ke5 89. Kf3 Kd6 90. h5 Kd7 91. h6 f4 92. h7 Ke7 93. h8=Q Rxh8 94. c8=Q 1-0

[Event "UKR-ch Women Final 2018"]
[Site "Kiev"]
[Date "2018.12.20"]
[Round "9"]
[White "Dolzhykova, Kateryna"]
[Black "Doluhanova, Evgeniya"]
[Result "1/2-1/2"]
[ECO "B90"]
[WhiteElo "2161"]
[BlackElo "2367"]
[Annotator "ChessBase"]
[PlyCount "91"]
[EventDate "2018.12.11"]
[EventType "tourn"]
[EventCountry "UKR"]
[SourceTitle "playchess.com"]
[Source "ChessBase"]
[SourceQuality "1"]
[TimeControl "40/5400+30:1800+30"]

1. e4 c5 2. Nf3 d6 3. d4 cxd4 4. Nxd4 Nf6 5. Nc3 a6 6. h3 e5 7. Nb3 Be6 8. g4 d5 9. exd5 Nxd5 10. Bg2 Nxc3 11. Qxd8+ Kxd8 12. bxc3 Kc7 13. f4 f6 14. fxe5 fxe5 15. Na5 Nc6 16. Bxc6 bxc6 17. Rb1 Rb8 18. Rxb8 Kxb8 19. Nxc6+ Kc7 20. Nxe5 Bxa2 21. Be3 Bd6 22. Nd3 Rf8 23. Ke2 Bc4 24. Ra1 g6 25. Ra4 Bb5 26. Re4 a5 27. c4 Bc6 28. Re6 Re8 29. Rf6 a4 30. c5 Be7 31. Rf7 a3 32. Kd2 a2 33. Bd4 Kc8 34. Kc1 h5 35. Kb2 hxg4 36. hxg4 g5 37. Nb4 Bd7 38. Nd5 Bd8 39. Nb6+ Bxb6 40. cxb6 Re1 41. Rf8+ Re8 42. Rf3 Re4 43. Rc3+ Kb8 44. Bc5 Be6 45. Re3 Rxe3 46. Bxe3 1/2-1/2